 Dungeon Crawl Stone Soup version 0.16-a0-3943-gb4b81e6 (webtiles) character file.

197733 Johnny the Warrior (level 18, -7/166 HPs)
             Began as an Ogre Wizard on Feb 7, 2015.
             Was a Believer of Ru.
             Mangled by a deep elf blademaster
             ... wielding a +0 rapier
             ... created by the fury of Okawaru
              (15 damage)
             ... on level 1 of the Vaults on Sept 11, 2016.
             The game lasted 02:23:28 (49206 turns).

Johnny the Warrior (Ogre Wizard)                   Turns: 49206, Time: 02:23:28

Health: -7/166     AC: 15    Str: 18      XL:     18   Next: 42%
Magic:  33/33      EV: 15    Int: 14 (19) God:    Ru [**....]
Gold:   2665       SH:  0    Dex: 10 (13) Spells: 11 memorised, 3 levels left

rFire  + . .     SeeInvis .     D - +7 dire flail of Poifarch {drain, Contam rPois+ Int+4}
rCold  . . .     Clarity  .     N - +4 troll leather armour
rNeg   . . .     SustAb   .     (shield restricted)
rPois  +         Gourm    .     k - +2 hat {MR+}
rElec  .         Spirit   .     E - +0 cloak
rCorr  .         Warding  .     (gloves unavailable)
rMut   .         Stasis   .     (boots unavailable)
MR     +++..                    V - amulet of regeneration
Stlth  +.........               C - +3 ring of evasion
                                w - ring of protection from magic

@: exhausted, slowed, very slow, extremely resistant to hostile enchantments,
very unstealthy
A: unfitting armour, horns 1, talons 1, molten scales 1, breathe flames 1, dopey
1, fire resistance 1, frail 2, high mp 1, tough skin 1, no charms magic, no
earth magic, no transmutations magic, slow reflexes 1
a: Renounce Religion, Breathe Fire
}: 1/15 runes: gossamer


You were on level 1 of the Vaults.
You worshipped Ru.
Ru was pleased with you.
You were hungry.

You visited 8 branches of the dungeon, and saw 37 of its levels.
You also visited: Ice Cave and Volcano.

You collected 3423 gold pieces.
You spent 758 gold pieces at shops.

Inventory:

Hand weapons
 D - the +7 dire flail of Poifarch (weapon) {drain, Contam rPois+ Int+4}
   (Okawaru gifted it to you on level 6 of the Lair of Beasts)

   A truly terrible weapon, it drains the life of those it strikes.
   It affects your intelligence (+4).
   It protects you from poison.
   It causes magical contamination when unequipped.
 G - a +6 giant spiked club of crushing
 T - the +6 flail of the Mind {crush, rC+ MP+9 Dex+4}
   (You found it on level 8 of the Lair of Beasts)

   It inflicts extra damage upon your enemies.
   It affects your dexterity (+4).
   It protects you from cold.
   It affects your magic capacity (+9).
 W - the +4 giant club of Lies {crush, rN++}
   (Okawaru gifted it to you on level 4 of the Lair of Beasts)

   It inflicts extra damage upon your enemies.
   It greatly protects you from negative energy.
Missiles
 Z - 5 large rocks (quivered)
Armour
 k - a +2 hat of magic resistance (worn)
 E - a +0 cloak (worn)
 N - a +4 troll leather armour (worn)
Jewellery
 j - an uncursed amulet of the gourmand
 s - a cursed amulet of resist mutation {unknown}
 u - an uncursed amulet of rage {unknown}
 w - a ring of protection from magic (left hand)
 C - a +3 ring of evasion (right hand)
 P - an uncursed ring of flight
 S - an uncursed ring of protection from cold
 V - an amulet of regeneration (around neck)
Magical devices
 f - a wand of confusion (12)
 g - a wand of polymorph (6)
 h - a wand of random effects (19)
 p - a wand of frost (18)
 r - a wand of cold (7)
 y - a wand of fire (0)
 L - a wand of magic darts (32)
 U - a wand of draining (0)
Scrolls
 e - 2 scrolls of fog
 m - a scroll of teleportation
 n - 11 scrolls of remove curse
 q - 2 scrolls of enchant armour
 t - 3 scrolls of fear
 F - 7 scrolls of recharging
 K - a scroll of identify
 O - 2 scrolls of magic mapping
Potions
 b - 3 potions of ambrosia
 c - 2 potions of haste
 d - a potion of lignification
 i - a potion of magic
 z - 2 potions of curing
 A - 6 potions of cancellation
 B - 3 potions of flight
 H - 7 potions of might
 J - 4 potions of agility
 R - 6 potions of restore abilities
 X - a potion of heal wounds
Miscellaneous
 I - a fan of gales
Comestibles
 a - a slice of pizza
 o - 18 fruits
 x - 17 bread rations


   Skills:
 * Level 19.3 Fighting
 * Level 18.1 Maces & Flails
 * Level 12.2 Throwing
 * Level 10.3 Armour
 * Level 14.2 Dodging
 - Level 1.5 Stealth
 + Level 4.2 Spellcasting
 - Level 0.6 Conjurations
 - Level 0.6 Summonings
 - Level 0.6 Translocations
 - Level 9.5 Invocations
 + Level 5.1 Evocations


You had 3 spell levels left.
You knew the following spells:

 Your Spells              Type           Power        Failure   Level  Hunger
a - Magic Dart            Conj           #...         17%         1    None
b - Call Imp              Summ           #.......     28%         2    ##.....
c - Blink                 Tloc           N/A          28%         2    ##.....
d - Mephitic Cloud        Conj/Pois/Air  #.......     69%         3    ###....
e - Slow                  Hex            #.......     34%         2    ##.....
f - Repel Missiles        Chrm/Air       #.....       34%         2    ##.....
g - Apportation           Tloc           #.........   17%         1    None
h - Summon Small Mammal   Summ           #...         17%         1    None
i - Animate Skeleton      Necr           N/A          21%         1    None
j - Sublimation of Blood  Necr           #.........   34%         2    ##.....
k - Agony                 Necr           #.......     100%        5    ######.


Dungeon Overview and Level Annotations

Branches:
Dungeon (15/15)            Temple (1/1) D:5            Lair (8/8) D:8
 Shoals (2/5) Lair:5       Spider (5/5) Lair:4        Slime (0/6) Lair:7
    Orc (4/4) D:12            Elf (1/3) Orc:4        Vaults (1/5) D:14
 Depths (0/5) D:15

Altars:
Ashenzari
Cheibriados
Dithmenos
Elyvilon
Fedhas
Gozag
Kikubaaqudgha
Makhleb
Nemelex Xobeh
Okawaru
Qazlal
Ru
Sif Muna
Trog
Vehumet
Xom
Yredelemnul
Zin
The Shining One
Beogh

Shops:
D:4 [*(   D:6 [   D:10 %   D:13 *   Orc:1 *   Orc:3 *   Orc:4 [*:(


Innate Abilities, Weirdness & Mutations

You are too large for most types of armour.
You have tough skin (AC +1).
You cannot study or cast Charms magic.
You cannot study or cast Earth magic.
You cannot study or cast Transmutations magic.
You have somewhat slow reflexes. (-3 EV)
You have a pair of small horns on your head.
You have sharp toenails.
You are partially covered in molten scales (AC +1).
You can breathe flames.
You are dopey. (Int -2)
Your flesh is heat resistant.
You are very frail (-20% HP).
You have an increased reservoir of magic (+10% MP).


Message History

Unknown command.
Unknown command.
Unknown command.
You barely miss the deep elf blademaster.
Your kick misses the deep elf blademaster.
Your headbutt misses the deep elf blademaster.
The deep elf blademaster is heavily wounded.
The deep elf master archer is stunned by your will and fails to attack.
Unknown command.
Unknown command.
Unknown command.
Unknown command.
You feel a strong urge to attack something.
You are no longer berserk.
You are exhausted.
You feel yourself slow down.
You are feeling hungry.
The deep elf blademaster closely misses you.
The deep elf blademaster hits you with a rapier!
You die...

#....##.....#.#
#....##.....'.#
#....########.# +# #....#
+...######... #....#
#............. #....#
#'###e.......# #....#
#...#.##+###+# #....#
#...#e# #..รท.# #...#@#
#....#######'##############
##
#...........................
..
#................)))........
..
#................)..........
..
#..........................
.
#...#######################
# #...# #...#


You could see a deep elf blademaster and a deep elf master archer.

Vanquished Creatures
  Arachne (Spider:4)
  A deep elf blademaster (Orc:3)
  A titan (D:15)
  Rupert (Lair:6)
  Roxanne (Spider:5)
  A frost giant (IceCv)
  8 emperor scorpions
  3 ghost moths (Spider:5)
  An orc warlord (Orc:4)
  Gastronok (D:10)
  A vault warden (Vaults:1)
  A vault guard (D:14)
  A minotaur (Vaults:1)
  Josephine (Orc:3)
  12 hydras
  Nessos (D:14)
  An ogre mage (D:14)
  Erica (Orc:3)
  A merfolk aquamancer (Shoals:1)
  A centaur warrior (D:15)
  5 tengu warriors
  A death yak (Lair:8)
  An orc high priest (Orc:3)
  The ghost of timbw the Cruncher, an experienced HEGl of Ashenzari (D:11)
  Nergalle (Lair:4)
  A salamander mystic (Volcano)
  A catoblepas (Lair:8)
  A deep elf knight (D:15)
  A hell knight (D:10)
  4 sea snakes
  3 harpies (Shoals:1)
  2 deep elf summoners
  An ice statue (IceCv)
  Pikel (D:9)
  4 hill giants
  15 orb spiders
  2 unseen horrors
  6 orc sorcerers
  23 wolf spiders
  15 ugly things
  3 cyclopes
  7 fauns (Shoals:2)
  6 griffons
  3 salamanders (Volcano)
  10 orc knights
  4 hornets
  5 manticores
  2 sirens (Shoals:2)
  21 elephants
  Maurice (Orc:2)
  4 black mambas
  An eye of devastation (Lair:7)
  Joseph (D:7)
  A torpor snail (Spider:2)
  28 spiny frogs
  2 molten gargoyles (Volcano)
  A queen ant (Lair:4)
  7 komodo dragons
  A fire drake (shapeshifter) (D:15)
  2 fire drakes
  10 demonic crawlers
  2 yaktaurs (Vaults:1)
  2 tengu conjurers (D:15)
  A deep elf priest (D:15)
  A freezing wraith (D:15)
  7 two-headed ogres
  6 trolls
  4 giant leeches (Lair:8)
  16 jumping spiders
  15 polar bears
  8 merfolk
  16 slime creatures
  11 ravens
  A boulder beetle (Lair:7)
  23 blink frogs
  A trapdoor spider zombie (D:12)
  5 snapping turtles
  52 redbacks
  11 basilisks
  25 trapdoor spiders
  64 yaks
  2 deep elf magi
  4 wyverns
  3 water elementals
  5 wraiths
  15 tarantellas
  2 hungry ghosts
  A steam dragon (D:10)
  8 hippogriffs
  Grum (D:13)
  3 fire bats
  24 wolves
  15 vampire mosquitoes
  7 wargs
  3 hell hounds (D:10)
  4 ice beasts
  13 water moccasins
  17 spiders
  22 soldier ants
  31 orc warriors
  15 porcupines
  2 sky beasts
  An eye of draining (Lair:7)
  A black bear (shapeshifter) (D:15)
  9 ogres
  2 phantoms
  4 wasps
  12 centaurs
  2 boring beetles
  15 crocodiles
  A brain worm (D:15)
  36 giant frogs
  6 scorpions
  A water moccasin zombie (D:9)
  6 killer bees
  13 wights
  3 goliath beetles
  9 crimson imps
  A giant frog zombie (D:12)
  4 electric eels
  6 centaur zombies
  A jelly (D:14)
  6 centaur skeletons
  A quasit (D:9)
  21 orc priests
  9 iguanas
  A giant frog skeleton (D:4)
  12 hounds
  40 orc wizards
  35 worker ants
  14 sheep
  2 hell rats (Lair:6)
  A hound zombie (D:7)
  Robin (D:4)
  4 gnolls
  25 adders
  43 river rats
  2 shadow imps
  2 giant mites
  2 worms
  5 giant geckos
  An ooze (D:1)
  175 orcs
  17 bats
  3 bat skeletons
  2 bat zombies
  30 goblins
  21 hobgoblins
  18 jackals
  18 quokkas
  2 ball pythons
  8 giant cockroaches
  7 giant newts
  A jackal skeleton (D:4)
  A jackal zombie (D:7)
  26 kobolds
  5 orc zombies
  21 rats
  7 ballistomycetes
1439 creatures vanquished.

Vanquished Creatures (collateral kills)
  Harold (Orc:4)
  An orc high priest (Orc:4)
  The ghost of Johnny the Ruffian, an average TrFi (D:4)
  A water moccasin (D:7)
  3 orc warriors
  2 ogres
  Sigmund (D:4)
  A giant frog (D:10)
  A killer bee (D:7)
  2 orc priests
  2 crimson imps (D:5)
  A centaur zombie (D:5)
  5 hounds
  A centaur skeleton (D:5)
  2 orc wizards (D:5)
  A worker ant (D:1)
  A worker ant zombie (D:5)
  3 gnolls (D:6)
  A hound skeleton (D:6)
  3 adders
  A shadow imp (D:5)
  3 worms
  An ooze (D:1)
  16 orcs
  2 bats
  A giant cockroach (D:1)
  3 goblins (D:4)
  2 hobgoblins (D:4)
  2 jackals
  5 kobolds
  A ball python (D:5)
  A ball python skeleton (D:4)
  3 giant geckos
  A giant gecko skeleton (D:5)
  A giant newt (D:6)
  4 rats
81 creatures vanquished.

Vanquished Creatures (others)
  A wolf spider (Spider:4)
  A raven (D:15)
  A deep elf mage (D:9)
  A vampire mosquito (D:12)
  A water moccasin (Lair:8)
  A big kobold (D:9)
  3 slaves (D:9)
  A human (D:4)
  24 crimson imps
  An iron imp (Orc:4)
  2 orc priests (D:9)
  A hound skeleton (D:9)
  7 shadow imps
  15 white imps
  4 orcs
  A goblin (Orc:4)
  A hobgoblin (D:9)
  2 kobolds (D:9)
  2 giant spores
  A rat (D:7)
  A ballistomycete (D:7)
  6 fungi
  4 plants
82 creatures vanquished.

Grand Total: 1602 creatures vanquished

Notes
Turn   | Place    | Note
--------------------------------------------------------------
     0 | D:1      | Johnny, the Ogre Wizard, began the quest for the Orb.
     0 | D:1      | Reached XP level 1. HP: 16/16 MP: 4/4
   391 | D:1      | Reached skill level 1 in Fighting
   400 | D:1      | Reached XP level 2. HP: 19/27 MP: 1/6
   460 | D:1      | Learned a level 2 spell: Call Imp
   463 | D:1      | Learned a level 2 spell: Blink
  1412 | D:1      | Reached XP level 3. HP: 13/36 MP: 0/8
  2255 | D:1      | Found a sparkling altar of Nemelex Xobeh.
  2481 | D:1      | Reached XP level 4. HP: 36/45 MP: 10/10
  2722 | D:1      | Learned a level 3 spell: Mephitic Cloud
  3704 | D:2      | Found a bloodstained altar of Trog.
  3711 | D:2      | Found an iron altar of Okawaru.
  3721 | D:2      | Found a stormy altar of Qazlal.
  3723 | D:2      | Reached skill level 1 in Armour
  3727 | D:2      | Found a blossoming altar of Fedhas.
  3734 | D:2      | Found an ancient bone altar of Kikubaaqudgha.
  3739 | D:2      | Found a shadowy altar of Dithmenos.
  3750 | D:2      | Found a glowing silver altar of Zin.
  3997 | D:2      | Reached skill level 4 in Fighting
  4078 | D:2      | Found a sacrificial altar of Ru.
  4308 | D:2      | Reached XP level 5. HP: 16/54 MP: 11/11
  6372 | D:4      | Reached XP level 6. HP: 30/65 MP: 13/13
  6582 | D:4      | Noticed Sigmund
  6638 | D:4      | Reached skill level 5 in Fighting
  6695 | D:4      | Killed Sigmund
  6798 | D:4      | Noticed Johnny's ghost (average TrFi)
  7127 | D:4      | Found Runif's Assorted Antiques.
  7285 | D:4      | Noticed a wyvern
  7307 | D:4      | Noticed a fire bat
  7307 | D:4      | a wyvern changed into a fire bat
  7524 | D:5      | Entered Level 5 of the Dungeon
  7905 | D:4      | Killed Johnny's ghost
  7905 | D:4      | Reached skill level 6 in Fighting
  7905 | D:4      | Reached XP level 7. HP: 8/75 MP: 14/15
  8373 | D:4      | Found Stoukoy's Armour Shoppe.
  8507 | D:4      | Found an ancient bone altar of Kikubaaqudgha.
  8507 | D:4      | Noticed a human
  8507 | D:4      | Noticed an ogre
  8512 | D:4      | Killed a human
  8522 | D:4      | Killed an ogre
  8550 | D:4      | Noticed Robin
  8601 | D:4      | Killed Robin
  8620 | D:4      | Found a shattered altar of Ashenzari.
  8928 | D:4      | Killed a fire bat
  9011 | D:4      | Found Cuazxog's Antique Weapon Boutique.
  9018 | D:4      | Bought a glowing giant spiked club for 39 gold pieces
  9275 | D:5      | Reached skill level 7 in Fighting
  9545 | D:5      | Reached skill level 5 in Dodging
  9839 | D:5      | Reached XP level 8. HP: 63/87 MP: 17/17
  9964 | D:5      | Found a staircase to the Ecumenical Temple.
 10293 | D:5      | Found a burning altar of Makhleb.
 10659 | D:6      | Found Kaji's Antique Armour Emporium.
 11116 | D:6      | Reached skill level 8 in Fighting
 11258 | D:4      | Bought a +2 troll leather armour for 270 gold pieces
 11312 | Temple   | Entered the Ecumenical Temple
 11640 | D:2      | Became a worshipper of Warmaster Okawaru
 12364 | D:6      | Reached skill level 1 in Maces & Flails
 12576 | D:7      | Found an opulent altar of Gozag.
 12655 | D:7      | Reached skill level 9 in Fighting
 12655 | D:7      | Reached XP level 9. HP: 83/98 MP: 18/18
 12699 | D:7      | Noticed Joseph
 12728 | D:7      | Killed Joseph
 13198 | D:7      | Acquired Okawaru's first power
 13491 | D:7      | Reached skill level 5 in Maces & Flails
 13557 | D:8      | Gained mutation: You can breathe flames. [mutagenic meat]
 13599 | D:8      | Reached skill level 10 in Fighting
 13621 | D:8      | Reached XP level 10. HP: 44/111 MP: 19/19
 13713 | D:8      | Found a staircase to the Lair.
 13923 | D:8      | Reached skill level 11 in Fighting
 14618 | D:8      | Reached skill level 5 in Armour
 14867 | D:8      | Found a radiant altar of Vehumet.
 15107 | D:9      | Noticed Pikel
 15124 | D:9      | Killed Pikel
 15183 | D:10     | Entered Level 10 of the Dungeon
 15183 | D:10     | Found Plog's Food Shop.
 15183 | D:10     | Noticed a hill giant
 15305 | D:10     | Reached skill level 12 in Fighting
 15349 | D:10     | Reached XP level 11. HP: 93/123 MP: 20/20
 16067 | D:10     | Killed a hill giant
 16257 | D:9      | Learned a level 2 spell: Slow
 16429 | D:9      | Found a blossoming altar of Fedhas.
 16535 | D:9      | Reached skill level 1 in Invocations
 16549 | D:10     | Reached skill level 10 in Maces & Flails
 16612 | D:10     | Acquired Okawaru's second power
 16651 | D:10     | Noticed Gastronok
 16671 | D:10     | Killed Gastronok
 16671 | D:10     | Received a gift from Okawaru
 16740 | D:10     | Reached skill level 13 in Fighting
 16865 | D:10     | Noticed a hell knight
 16866 | D:10     | Noticed a hell knight
 16886 | D:10     | Noticed a hell knight
 16900 | D:10     | Killed a hell knight
 17220 | D:11     | Noticed a hill giant
 17229 | D:11     | Killed a hill giant
 17383 | D:11     | Noticed a cyclops
 17395 | D:11     | Killed a cyclops
 17414 | D:11     | Noticed a cyan ugly thing
 17422 | D:11     | Killed a cyan ugly thing
 17422 | D:11     | Reached XP level 12. HP: 115/136 MP: 21/21
 17466 | D:11     | Noticed a cyan ugly thing
 17466 | D:11     | Noticed timbw's ghost (experienced HEGl)
 17476 | D:11     | Killed a cyan ugly thing
 17487 | D:11     | Killed timbw's ghost
 17487 | D:11     | Reached skill level 1 in Throwing
 17605 | D:11     | Killed an unseen horror
 17706 | D:11     | Noticed a hill giant
 17718 | D:11     | Killed a hill giant
 17718 | D:11     | Reached skill level 10 in Dodging
 17780 | D:11     | Got a crude ivory ring
 17784 | D:11     | Identified the ring "Yzxevuri" {Str+3 Stlth-} (You found it on level 11 of the Dungeon)
 18141 | D:11     | Noticed a manticore
 18155 | D:11     | Killed a manticore
 19359 | D:12     | Reached skill level 14 in Fighting
 19820 | D:12     | Found a staircase to the Orcish Mines.
 19834 | Orc:1    | Entered Level 1 of the Orcish Mines
 19853 | Orc:1    | Found Luvoxoux's General Store.
 19989 | Orc:1    | Bought a scroll of teleportation for 51 gold pieces
 20194 | Orc:2    | Noticed Maurice
 20826 | Orc:3    | Found a bloodstained altar of Trog.
 20880 | Orc:3    | Noticed Josephine
 20899 | Orc:3    | Killed Josephine
 20910 | Orc:3    | Reached XP level 13. HP: 33/148 MP: 18/22
 20918 | Orc:3    | Reached skill level 5 in Invocations
 21103 | Orc:3    | Noticed Erica
 21120 | Orc:3    | Killed Erica
 21120 | Orc:3    | Received a gift from Okawaru
 21348 | Orc:4    | Entered Level 4 of the Orcish Mines
 21805 | Orc:4    | Noticed Harold
 21825 | Orc:4    | Killed Harold
 21825 | Orc:4    | Received a gift from Okawaru
 21883 | Orc:4    | Found a burning altar of Makhleb.
 21935 | Orc:4    | Found a staircase to the Elven Halls.
 22008 | Elf:1    | Entered Level 1 of the Elven Halls
 22070 | Orc:4    | Noticed an orc warlord
 22266 | Orc:3    | Found Mnoifomn's Assorted Antiques.
 22283 | Orc:3    | Bought a potion of curing for 99 gold pieces
 22283 | Orc:3    | Bought a potion of heal wounds for 165 gold pieces
 22283 | Orc:3    | Bought a scroll of identify for 66 gold pieces
 22687 | Orc:4    | Reached skill level 15 in Fighting
 22841 | Orc:4    | Killed an orc warlord
 22897 | Orc:3    | Was placed under penance by Okawaru
 23487 | Orc:4    | Noticed a fire giant
 23487 | Orc:4    | Noticed a deep elf blademaster
 23746 | D:12     | Was forgiven by Okawaru
 24102 | Orc:3    | Killed a deep elf blademaster
 24427 | Orc:4    | Found a roughly hewn altar of Beogh.
 24427 | Orc:4    | Found Tunui's Book Emporium.
 24543 | Orc:4    | Reached skill level 5 in Throwing
 24688 | Orc:4    | Found Makhasiq's General Store.
 24695 | Orc:4    | Bought a potion of might for 68 gold pieces
 24713 | Orc:4    | Found Tyneijaj's Antique Weapon Emporium.
 24764 | Orc:4    | Found Phuv's Antique Armour Emporium.
 25472 | Orc:2    | Killed Maurice
 25946 | Lair:1   | Entered Level 1 of the Lair of Beasts
 25952 | Lair:1   | Received a gift from Okawaru
 25965 | Lair:1   | Learned a level 2 spell: Repel Missiles
 25967 | Lair:1   | Learned a level 1 spell: Apportation
 25969 | Lair:1   | Learned a level 1 spell: Summon Small Mammal
 25971 | Lair:1   | Learned a level 1 spell: Animate Skeleton
 27388 | Lair:2   | Found a basalt altar of Yredelemnul.
 27595 | Lair:2   | Reached XP level 14. HP: 158/161 MP: 23/23
 27622 | Lair:2   | Got a jewelled long sword
 28503 | Lair:3   | Found a snail-covered altar of Cheibriados.
 28567 | Lair:3   | Found a dark tunnel.
 28578 | Volcano  | Entered a volcano
 28769 | Volcano  | Found a bloodstained altar of Trog.
 29039 | Volcano  | Received a gift from Okawaru
 29187 | Volcano  | Reached skill level 16 in Fighting
 29277 | Lair:3   | Identified a scroll of acquirement
 30266 | Lair:4   | Received a gift from Okawaru
 30435 | Lair:4   | Received a gift from Okawaru
 30772 | Lair:4   | Noticed Nergalle
 30793 | Lair:4   | Killed Nergalle
 31288 | Lair:4   | Received a gift from Okawaru
 31291 | Lair:4   | Got a translucent giant club {god gift}
 31293 | Lair:4   | Identified the +4 giant club of Lies {crush, rN++} (Okawaru gifted it to you on level 4 of the Lair of Beasts)
 31316 | Lair:4   | Found a hole to the Spider Nest.
 31805 | Lair:4   | Got an encrusted hat
 31847 | Lair:4   | Identified the +2 hat "Boug" {rPois+ Int-4 Dex+2} (You acquired it on level 4 of the Lair of Beasts)
 31860 | Lair:4   | Got a bloodstained hat
 31872 | Lair:4   | Identified the +1 hat of Amelioration {+Blink +Inv rCorr Int-4 Slay-6} (You acquired it on level 4 of the Lair of Beasts)
 31897 | Lair:5   | Found a staircase to the Shoals.
 32180 | Lair:5   | Reached XP level 15. HP: 117/171 MP: 25/25
 32761 | Lair:6   | Received a gift from Okawaru
 32761 | Lair:6   | Reached skill level 17 in Fighting
 32767 | Lair:6   | Got a scorched dire flail {god gift}
 32768 | Lair:6   | Identified the +7 dire flail of Poifarch {drain, Contam rPois+ Int+4} (Okawaru gifted it to you on level 6 of the Lair of Beasts)
 32987 | Lair:6   | Noticed Rupert
 33033 | Lair:6   | Killed Rupert
 33033 | Lair:6   | Reached skill level 15 in Maces & Flails
 33107 | Lair:6   | Found a frozen archway.
 33138 | IceCv    | Entered an ice cave
 33374 | IceCv    | Noticed a frost giant
 33398 | IceCv    | Killed a frost giant
 33661 | IceCv    | Upgraded the game from 0.16-a0-3940-gf8a207b to 0.16-a0-3943-gb4b81e6
 34152 | Lair:7   | Received a gift from Okawaru
 34201 | Lair:7   | Reached skill level 1 in Evocations
 34261 | Lair:7   | Found a staircase to the Slime Pits.
 34302 | Lair:7   | Received a gift from Okawaru
 34529 | Lair:7   | Received a gift from Okawaru
 35203 | Lair:8   | Entered Level 8 of the Lair of Beasts
 35839 | Lair:8   | Reached XP level 16. HP: 142/185 MP: 27/27
 35971 | Lair:8   | Received a gift from Okawaru
 36312 | Lair:8   | Got an iridescent flail
 36325 | Lair:8   | Identified the Volume of Icy Stolen Souls (You found it on level 8 of the Lair of Beasts)
 36329 | Lair:8   | Learned a level 2 spell: Sublimation of Blood
 36335 | Lair:8   | Learned a level 5 spell: Agony
 36988 | Spider:1 | Entered Level 1 of the Spider Nest
 37148 | Spider:1 | Identified the +6 flail of the Mind {crush, rC+ MP+9 Dex+4} (You found it on level 8 of the Lair of Beasts)
 37415 | Spider:1 | Received a gift from Okawaru
 37553 | Spider:1 | Reached skill level 18 in Fighting
 37752 | Spider:2 | Reached skill level 10 in Throwing
 37857 | Spider:2 | Received a gift from Okawaru
 39670 | Spider:3 | Gained mutation: Your natural rate of healing is unusually fast. [potion of beneficial mutation]
 39861 | Spider:3 | You fall through a shaft!
 40553 | Spider:4 | Received a gift from Okawaru
 40694 | Spider:4 | Noticed Arachne
 40721 | Spider:4 | Killed Arachne
 40721 | Spider:4 | Received a gift from Okawaru
 41490 | Spider:4 | Reached XP level 17. HP: 179/196 MP: 28/28
 41688 | Spider:5 | Entered Level 5 of the Spider Nest
 42764 | Spider:5 | Received a gift from Okawaru
 43156 | Spider:5 | Got a gossamer rune of Zot
 43267 | Spider:5 | Noticed Roxanne
 43510 | Spider:5 | Killed Roxanne
 43897 | Shoals:1 | Entered Level 1 of the Shoals
 44541 | Shoals:2 | Found a sacrificial altar of Ru.
 44828 | Shoals:2 | Found a glowing golden altar of the Shining One.
 45074 | Shoals:2 | Fell from the grace of Okawaru
 45074 | Shoals:2 | Became a worshipper of Ru the Awakened
 45091 | Shoals:2 | Noticed a titan
 45240 | Shoals:1 | Noticed a titan
 45240 | Shoals:1 | Noticed a titan
 45730 | D:13     | Found Siabrue's General Store.
 45931 | D:13     | Noticed Grum
 45952 | D:13     | Killed Grum
 46375 | D:14     | Reached skill level 19 in Fighting
 46418 | D:14     | Gained mutation: You cannot study or cast Earth magic. [Ru sacrifice]
 46418 | D:14     | Gained mutation: You cannot study or cast Transmutations magic. [Ru sacrifice]
 46418 | D:14     | Gained mutation: You cannot study or cast Charms magic. [Ru sacrifice]
 46418 | D:14     | Acquired Ru's first power
 46754 | D:14     | Noticed Nessos
 46767 | D:14     | Killed Nessos
 46767 | D:14     | Reached XP level 18. HP: 196/208 MP: 30/30
 46883 | D:14     | Found a gate to the Vaults.
 47150 | D:15     | Entered Level 15 of the Dungeon
 47276 | D:15     | Reached skill level 10 in Armour
 47478 | D:15     | Gained mutation: You have an increased reservoir of magic (+10% MP). [mutagenic meat]
 47479 | D:15     | Gained mutation: You have sharp toenails. [mutagenic meat]
 47480 | D:15     | Gained mutation: You are dopey. (Int -2) [mutagenic meat]
 47481 | D:15     | Gained mutation: You are weak. (Str -2) [mutagenic meat]
 47482 | D:15     | Lost mutation: You are weak. (Str -2) [mutagenic meat]
 47483 | D:15     | Gained mutation: You can spit poison. [mutagenic meat]
 47602 | D:15     | Reached skill level 5 in Evocations
 47687 | D:15     | Gained mutation: You have somewhat slow reflexes. (-3 EV) [Ru sacrifice]
 47687 | D:15     | Acquired Ru's second power
 48162 | D:15     | Found a staircase to the Depths.
 48466 | D:15     | Gained mutation: You are partially covered in molten scales (AC +1). [mutagenic meat]
 48467 | D:15     | Lost mutation: You can spit poison. [mutagenic meat]
 48468 | D:15     | Gained mutation: Your flesh is heat resistant. [mutagenic meat]
 48867 | Vaults:1 | Entered Level 1 of the Vaults
 49114 | Vaults:1 | Gained mutation: You are frail (-10% HP). [mutagenic meat]
 49115 | Vaults:1 | Lost mutation: Your natural rate of healing is unusually fast. [mutagenic meat]
 49118 | Vaults:1 | Gained mutation: You have a pair of small horns on your head. [mutagenic meat]
 49120 | Vaults:1 | Gained mutation: You are very frail (-20% HP). [mutagenic meat]
 49203 | Vaults:1 | HP: 9/249 [deep elf blademaster/rapier[the fury of Okawaru] (7)]
 49206 | Vaults:1 | Mangled by a deep elf blademaster

Action                   |  1- 3 |  4- 6 |  7- 9 | 10-12 | 13-15 | 16-18 || total
-------------------------+-------+-------+-------+-------+-------+-------++-------
Melee: Unarmed           |    28 |       |       |       |       |       ||    28
       Short sword       |   178 |   420 |       |       |       |       ||   598
       Dagger            |       |       |   323 |       |       |       ||   323
       Giant spiked club |       |       |   190 |   585 |   736 |       ||  1511
       Flail             |       |       |       |   217 |   640 |       ||   857
       Giant club        |       |       |       |       |    40 |       ||    40
       Dire flail        |       |       |       |       |   565 |  1909 ||  2474
Throw: Large rock        |       |       |       |    14 |    29 |   106 ||   149
       Throwing net      |       |       |       |       |     3 |       ||     3
 Cast: Magic Dart        |     7 |     2 |       |       |       |       ||     9
       Call Imp          |    13 |    57 |    79 |    53 |    26 |     7 ||   235
       Blink             |       |     9 |     8 |     3 |    29 |     7 ||    56
       Mephitic Cloud    |       |       |     4 |       |     2 |       ||     6
Invok: Heroism           |       |       |     1 |     8 |    20 |     2 ||    31
       Finesse           |       |       |       |       |     7 |     1 ||     8
       Sacrifice Arcana  |       |       |       |       |       |     1 ||     1
       Sacrifice Health  |       |       |       |       |       |     1 ||     1
 Abil: Breathe Fire      |       |       |     1 |       |       |     1 ||     2
Evoke: Wand              |       |     3 |     4 |     2 |     7 |    15 ||    31
  Use: Scroll            |       |     9 |     7 |    10 |    24 |    25 ||    75
       Potion            |       |       |     1 |     4 |    12 |    12 ||    29
 Stab: Confused          |       |       |     2 |       |       |       ||     2
       Distracted        |       |       |     1 |     3 |     5 |     1 ||    10
       Paralysed         |       |       |     4 |       |       |       ||     4
       Sleeping          |       |       |       |       |     5 |     1 ||     6
       Fleeing           |       |       |       |       |     1 |       ||     1
       Invisible         |       |       |       |       |       |     5 ||     5
  Eat: Chunk             |    15 |    13 |    34 |    34 |    70 |    58 ||   224
       Fruit             |       |       |       |       |       |     1 ||     1
       Meat ration       |       |       |       |       |       |     1 ||     1
       Royal jelly       |       |       |       |       |       |     1 ||     1
       Beef jerky        |       |       |       |       |       |     1 ||     1
